AoeStats
← Barón de la Cerveza

Arabia

504840183Analyzed
1v1 RM · 27d ago on Sep 6, 2026· 23m 15s· 2 players
Game mode
Random Map
Map size
Tiny (2 player)
Population
200
Speed
Normal
Resources
Standard
Victory
Conquest
Starting age
Dark Age
Ending age
Imperial Age
RankedLock teamsTeams togetherTeam positionsShared explorationLock speedFull tech treeHidden civsTurbo modeCheats
Victory
Defeat
🇸🇪 Britons · Sweden
1948
+12
🇲🇽 Spanish · Mexico
1858
-12
Barón de la Cerveza
6:36 Loom
9:30 Feudal Age
14:03 Double-Bit Axe
13:59 Horse Collar
19:01 Fletching
20:27 Wheelbarrow
23:41 Castle Age
Jonah_
6:16 Loom
8:53 Feudal Age
8:57 Man-at-Arms
13:08 Double-Bit Axe
15:49 Fletching
17:11 Wheelbarrow
21:07 Castle Age
18:56 Horse Collar
19:41 Padded Archer Armor
21:46 Bodkin Arrow
21:11 Crossbowman
22:04 Bow Saw
23:37 Leather Archer Armor
24:06 Ballistics
Connection lost

Rejoining the realm…

Still unreachable

The connection could not be restored.

Session expired

The server has moved on; the page needs a fresh start.